Map: Ruins of Seras

Players

wabbajack

  • Race: Zerg Zerg
  • League: Grandmaster

Trinitron - Winner!

  • Race: Zerg Zerg

VOD

Have the link to the VOD?

Description

Time

  • Played on: July 14, 2015, 12:03 p.m.
  • Length: 4:41
Show
View Real Time Build Order
Export as new Build Order

wabbajack Zerg 

Build Orders: Pool First 

Get SALT Encoding   

  12  0:05  Extractor  
  11  0:22  Spawning Pool  
  11  0:27  Drone  
  11  0:40  Overlord  
  11  1:10  Zergling x6  
  14  1:17  Metabolic Boost  
  14  1:26  Zergling x2  
  15  1:39  Queen  
  17  2:03  Drone x3  
  18  2:41  Roach Warren  
  18  2:43  Drone x3  
  20  2:52  Hatchery  
  19  3:10  Zergling x4  
  19  3:12  Drone  
  22  3:13  Overlord  
  21  3:43  Queen  
  23  3:51  Overlord  
  23  3:52  Overlord  
  23  3:53  Roach x2  
  27  4:16  Roach x2  
Show
View Real Time Build Order
Export as new Build Order

Trinitron Zerg - Winner!

Build Orders: Pool First, Zergling Baneling 

Get SALT Encoding   

  12  0:05  Drone  
  13  0:09  Extractor  
  13  0:12  Drone  
  13  0:20  Drone  
  14  0:37  Spawning Pool  
  14  0:41  Drone  
  14  0:49  Overlord  
  14  1:10  Drone  
  15  1:11  Drone  
  15  1:13  Drone  
  17  1:24  Metabolic Boost  
  17  1:29  Queen  
  19  1:36  Overlord  
  19  1:54  Zergling x2  
  19  1:55  Zergling x4  
  22  2:06  Baneling Nest  
  21  2:09  Zergling x2  
  22  2:20  Drone  
  23  2:34  Drone  
  24  2:40  Drone  
  24  2:41  Drone  
  24  2:43  Overlord  
  26  2:50  Baneling  
  26  2:51  Baneling x2  
  26  2:52  Baneling  
  26  3:14  Zergling x2  
  26  3:15  Zergling x12  
  33  3:20  Hatchery  
  32  3:37  Zergling x2  
  32  3:38  Zergling x2  
  34  3:45  Baneling x4  
  34  3:49  Zergling x2  
  35  4:15  Zergling x2  
  35  4:16  Zergling x2  
Tags
 
Add a new tag
Caveats
  • Supply blocks, unpowered buildings, or Contaminate may cause inaccurate times.
  • Supply counts are checked every 10 seconds.